[Event "*** SCC Grand Prix: Titled Tuesday Blitz"]
[Site "Chess.com"]
[Date "2020.08.11"]
[Round "6"]
[White "suyu28"]
[Black "Barmen_EV"]
[Result "1-0"]
[WhiteElo "2580"]
[BlackElo "2416"]
[TimeControl "180+1"]
[EndTime "11:07:19 PDT"]
[Termination "suyu28 won on time"]

1. d4 d5 2. c4 e6 3. Nc3 Bb4 4. Nf3 Nf6 5. cxd5 exd5 6. Bg5 h6 7. Bxf6 Qxf6 8. Qa4+ Nc6 9. e3 O-O 10. Be2 Rd8 11. O-O a6 12. Rfc1 Be6 13. Qd1 Bd6 14.
Na4 Ne7 15. Nc5 Bc8 16. b4 b6 17. Nd3 a5 18. b5 Bf5 19. Nde5 Ng6 20. Rc6 Bd7 21.
Nxd7 Rxd7 22. Bd3 Re8 23. Bxg6 Qxg6 24. Ne5 Qe6 25. Nxd7 Qxd7 26. a4 Re4 27. Qf3 g6 28. Rac1 Kg7 29. g3 h5 30. h4 Qe6 31. Kg2 Rg4 32. Rxc7 Bxc7 33. Rxc7 g5 34. Rc6 Qd7 35. Qf6+ Kg8 36. Rd6 Qe8 37. Rd8 Qxd8 38. Qxd8+ Kg7 39. f3 gxh4 40. fxg4 hxg3 41. g5 h4 42. Qf6+ Kg8 43. Kh3 g2 44. Kxg2 h3+ 45. Kxh3 Kh7 46. Kg4 Kg8 47. Kh5 Kh7 48. e4 dxe4 49. Qxf7+ Kh8 50. Kg6 1-0

[Event "*** SCC Grand Prix: Titled Tuesday Blitz"]
[Site "Chess.com"]
[Date "2020.08.11"]
[Round "6"]
[White "esrosenberg"]
[Black "BursaBBSatranc"]
[Result "0-1"]
[WhiteElo "2188"]
[BlackElo "2522"]
[TimeControl "180+1"]
[EndTime "11:07:19 PDT"]
[Termination "BursaBBSatranc won by resignation"]

1. Nf3 d5 2. c4 c6 3. d4 Nf6 4. Nc3 a6 5. e3 b5 6. b3 Bg4 7. h3 Bxf3 8. gxf3 e6 9. c5 e5 10.
dxe5 Nfd7 11. Nxd5 Nxe5 12. Bb2 Nbd7 13. f4 Ng6 14. Nb6 Nxb6 15. cxb6 Qxb6 16. Bg2 Bb4+ 17.
Kf1 O-O 18. h4 Rfd8 19. Qg4 Rd2 20. Rb1 Qc5 21. Be4 Rxb2 22. Rxb2 Qc1+ 23. Kg2 Qxb2 24. h5 Nf8 25. h6 g6 26. Bxc6 Rd8 27. f5 Qf6 28.
Be4 Qe5 29. fxg6 fxg6 30. Bxg6 Nxg6 31. Qxb4 Qd5+ 32. e4 Qf7 33. Qe1 Rf8 34. Rh3 Nf4+ 35. Kh2 Nxh3 36. Kxh3 Qf3+ 37. Kh2 Rf4 38. Qg1+ Rg4 39.
Qxg4+ Qxg4 40. Kh1 Kf7 41. f4 Qxf4 42. e5 Qxh6+ 0-1

[Event "*** SCC Grand Prix: Titled Tuesday Blitz"]
[Site "Chess.com"]
[Date "2020.08.11"]
[Round "6"]
[White "MFBerna"]
[Black "Aemulus20"]
[Result "0-1"]
[WhiteElo "2396"]
[BlackElo "2559"]
[TimeControl "180+1"]
[EndTime "11:07:21 PDT"]
[Termination "Aemulus20 won by resignation"]

1. e4 c5 2. Nf3 g6 3. d4 cxd4 4.
Nxd4 Bg7 5. Nc3 Nc6 6. Be3 Nf6 7. Bc4 O-O 8. Bb3 a5 9. O-O a4 10. Nxa4 Nxe4 11. Nb5 Ra6 12. f3 Nf6 13. c3 d6 14.
Re1 Na5 15. Bc2 Bd7 16. Bd3 Nd5 17. Bf2 Nf4 18. Bf1 e6 19. Qd2 Bxb5 20. Bxb5 Qg5 21. Be3 Qxb5 22. Bxf4 Qxa4 23. Bh6 Nc4 24. Qg5 Ra5 25.
Qc1 Bxh6 26. Qxh6 Nxb2 27. Re4 Rh5 28. Qd2 Nc4 29. Qxd6 Nxd6 30. Rxa4 Rc8 31. Rd1 Rd5 32. Rxd5 exd5 33. Ra5 b5 34. Ra3 Rc6 35. Kf2 Kg7 36. Ke2 h5 37. Kd3 Nc4 38. Rb3 Ra6 39. Rxb5 Rxa2 40.
Rxd5 Nb6 41. Rg5 f5 42. f4 Nd5 43. g3 Rxh2 44. c4 Nf6 45. c5 Ne4 46. c6 Ra2 47.
Kd4 Nxg5 48. fxg5 Rc2 49. Kd5 f4 50. gxf4 h4 51. f5 gxf5 0-1

[Event "*** SCC Grand Prix: Titled Tuesday Blitz"]
[Site "Chess.com"]
[Date "2020.08.11"]
[Round "6"]
[White "Valeron87"]
[Black "larisakalinina"]
[Result "1-0"]
[WhiteElo "2356"]
[BlackElo "1981"]
[TimeControl "180+1"]
[EndTime "11:07:21 PDT"]
[Termination "Valeron87 won on time"]

1. e4 c5 2. Nf3 Nc6 3. d4 cxd4 4.
Nxd4 Nf6 5. Nc3 d6 6. Bg5 Bd7 7. Bxf6 gxf6 8. Nxc6 bxc6 9. Bc4 Bg7 10. Qh5 O-O 11.
O-O Qb6 12. Bb3 f5 13. exf5 Qc5 14. Rae1 Rae8 15. g4 d5 16. Re3 d4 17. Rh3 h6 18.
Ne4 Qe5 19. Ng3 Qf4 20. Ne2 Qd2 21. Nc1 Qg5 22. Nd3 e5 23. Nc5 Qxh5 24. Rxh5 Bc8 25.
Ne4 Kh7 26. f3 f6 27. Kf2 Ba6 28. Rh1 Rc8 29. h4 c5 30. Be6 Rc7 31. g5 c4 32. Rg1 d3 33. gxh6 Bh8 34. cxd3 cxd3 35. Ke3 Rc2 36. Nd2 Rxb2 37. Rc1 Rb7 38. Rc6 1-0

[Event "*** SCC Grand Prix: Titled Tuesday Blitz"]
[Site "Chess.com"]
[Date "2020.08.11"]
[Round "6"]
[White "NotFischer"]
[Black "LaPorfia"]
[Result "0-1"]
[WhiteElo "2085"]
[BlackElo "2246"]
[TimeControl "180+1"]
[EndTime "11:07:21 PDT"]
[Termination "LaPorfia won by checkmate"]

1. e4 d5 2. exd5 Nf6 3. Nf3 Bg4 4. Bb5+ Nbd7 5. h3 Bh5 6. Be2 Nxd5 7. d4 e6 8. c4 N5f6 9. Nc3 c5 10. d5 exd5 11. cxd5 a6 12. a4 Bd6 13. O-O O-O 14. Bg5 h6 15. Be3 Re8 16. Qd2 Rc8 17. Rad1 Qe7 18. Rfe1 Ne4 19. Nxe4 Qxe4 20. b3 c4 21. bxc4 Bxf3 22.
Bxf3 Qxc4 23. Bg4 Rcd8 24. Rb1 Ne5 25. Be2 Qxa4 26. Rxb7 Nc4 27. Bxc4 Qxc4 28. Rc1 Qe4 29. Rb6 a5 30. Qxa5 Qe5 31. g3 Qh5 32. Kh2 Rxe3 33.
Rxd6 Rxd6 34. fxe3 Qe2+ 35. Kh1 Qf3+ 36. Kh2 Qf2+ 37.
Kh1 Qxg3 38. Qc5 Qxh3+ 39. Kg1 Rg6+ 40. Kf2 Qg3+ 41. Ke2 Kh7 42. Kd3 Qg4 43. Rc3 Qf5+ 44. Kd2 Rg2+ 45. Kc1 Qf1# 0-1

[Event "*** SCC Grand Prix: Titled Tuesday Blitz"]
[Site "Chess.com"]
[Date "2020.08.11"]
[Round "6"]
[White "VitaliyBernadskiy"]
[Black "ArjunErigaisi2003"]
[Result "0-1"]
[WhiteElo "2745"]
[BlackElo "3023"]
[TimeControl "180+1"]
[EndTime "11:07:23 PDT"]
[Termination "ArjunErigaisi2003 won on time"]

1. e4 c5 2. Nc3 e6 3. Nf3 Nc6 4. g3 d5 5. exd5 exd5 6. d4 Nf6 7. Bg2 Bg4 8. O-O Nxd4 9. Qe1+ Be7 10. Nxd4 cxd4 11.
Ne2 d3 12. cxd3 O-O 13. h3 Bf5 14. Qd1 Re8 15. g4 Bg6 16. Nf4 Bd6 17. Qb3 Qd7 18.
Nxd5 Nxd5 19. Qxd5 Rad8 20. Be3 Qe7 21. Qg5 f6 22.
Qd5+ Kh8 23. Qf3 Bxd3 24. Rfd1 Ba6 25. Bxa7 Qe5 26. Qg3 Qxb2 27. f4 Bc7 28. Kh2 g5 29. Qf3 Bxf4+ 30. Kh1 Rxd1+ 31. Rxd1 Be2 0-1

[Event "*** SCC Grand Prix: Titled Tuesday Blitz"]
[Site "Chess.com"]
[Date "2020.08.11"]
[Round "6"]
[White "chess4life23"]
[Black "kngopal"]
[Result "1-0"]
[WhiteElo "2416"]
[BlackElo "2176"]
[TimeControl "180+1"]
[EndTime "11:07:23 PDT"]
[Termination "chess4life23 won on time"]

1. d4 Nf6 2. c4 c5 3. Nf3 cxd4 4. Nxd4 Nc6 5. Nc3 g6 6. e4 Bg7 7. Be2 O-O 8. Be3 d6 9. O-O a6 10. Rc1 Bd7 11. h3 Rb8 12. f4 b5 13. cxb5 Nxd4 14. Bxd4 Bxb5 15. Nxb5 axb5 16. e5 dxe5 17. Bxe5 Qb6+ 18.
Kh2 Rbd8 19. Qb3 Rd2 20. Bxb5 Nh5 21. Bxg7 Nxg7 22. a4 Nf5 23. Qc3 Rfd8 24. b4 Ne3 25.
Rg1 Rf2 26. Rce1 Nd5 27. Qc5 Rxf4 28. Qxb6 Nxb6 29. Rxe7 Nd5 30. Rd7 Rxd7 31. Bxd7 Rxb4 32. Ra1 Nc7 33. a5 Rd4 34. Bc8 Rd8 35. Bb7 Rb8 36. a6 Rd8 37. a7 Na8 38. Rb1 Kg7 39.
Bf3 Nc7 40. Rb8 1-0

[Event "*** SCC Grand Prix: Titled Tuesday Blitz"]
[Site "Chess.com"]
[Date "2020.08.11"]
[Round "6"]
[White "SilviusTiberius"]
[Black "GMHess"]
[Result "1-0"]
[WhiteElo "2525"]
[BlackElo "2793"]
[TimeControl "180+1"]
[EndTime "11:07:24 PDT"]
[Termination "SilviusTiberius won by checkmate"]

1. e4 b6 2. d4 Bb7 3. Bd3 e6 4.
Nf3 Nf6 5. Qe2 c5 6. c3 Nc6 7. a3 d5 8. e5 Nd7 9. O-O c4 10. Bc2 b5 11. Ng5 g6 12. Qg4 Qe7 13. h4 O-O-O 14. Re1 h6 15. Nh3 h5 16.
Qg3 Bh6 17. Bg5 Bxg5 18. Qxg5 Kc7 19. Nd2 a5 20. Qxe7 Nxe7 21. Ng5 Rhf8 22. Nh7 Rh8 23.
Ng5 Rhf8 24. Ndf3 Bc6 25. Nh7 Rg8 26. Nf6 Rg7 27. Ng5 Ng8 28. Nxd7 Kxd7 29. Re3 Rb8 30. Rf3 Ke7 31. Re3 Nh6 32. f3 Rgg8 33. Kh2 Rb7 34. Ree1 Rgb8 35. Kg3 Bd7 36. Kf4 Kf8 37. Nh7+ Kg7 38.
Nf6 Bc6 39. g4 hxg4 40. fxg4 Ng8 41. g5 b4 42. axb4 axb4 43. h5 gxh5 44. Rh1 bxc3 45. bxc3 Rb2 46. Rac1 Nxf6 47. gxf6+ Kh6 48. Rxh5+ Kxh5 49. Rh1# 1-0

[Event "*** SCC Grand Prix: Titled Tuesday Blitz"]
[Site "Chess.com"]
[Date "2020.08.11"]
[Round "6"]
[White "wannabe2700"]
[Black "smshk35"]
[Result "1-0"]
[WhiteElo "2668"]
[BlackElo "2490"]
[TimeControl "180+1"]
[EndTime "11:07:24 PDT"]
[Termination "wannabe2700 won by resignation"]

1. e4 c5 2. d4 cxd4 3. Nf3 Nc6 4. Nxd4 Qb6 5. Nb3 Nf6 6. Nc3 e6 7. Qe2 Bb4 8. Bd2 O-O 9. O-O-O e5 10. Nd5 Nxd5 11. exd5 Bxd2+ 12. Rxd2 Nb4 13. a3 Na6 14. Qxe5 d6 15. Qd4 Nc5 16. Nxc5 dxc5 17. Qf4 Qg6 18. h4 Re8 19. Rd1 Re4 20. Qc7 Bf5 21. Bd3 Rd4 22. Bxf5 Qxf5 23. d6 Qf4+ 24. Kb1 h6 25. Qxc5 Rxd1+ 26.
Rxd1 Rd8 27. Qc7 Qxh4 28. d7 Qe7 29. Qxb7 Qe2 30. Rd3 Qe1+ 31. Ka2 Qe6+ 32. b3 Qe2 33. Qc7 Qe7 34. Qxa7 g6 35. Qc7 h5 36. a4 Kh7 37.
a5 Qf6 38. a6 Ra8 39. a7 Qa6+ 40. Kb2 Rxa7 41. Qxa7 Qxa7 42. d8=Q Qxf2 43. Qd4 Qxg2 44. Qf6 Qb7 45. Rd8 1-0

[Event "*** SCC Grand Prix: Titled Tuesday Blitz"]
[Site "Chess.com"]
[Date "2020.08.11"]
[Round "6"]
[White "Andrakhanova"]
[Black "midedu"]
[Result "1-0"]
[WhiteElo "1702"]
[BlackElo "2129"]
[TimeControl "180+1"]
[EndTime "11:07:24 PDT"]
[Termination "Andrakhanova won on time"]

1. c4 Nf6 2. Nc3 g6 3. g3 d6 4. Bg2 Bg7 5. d4 Nc6 6. e4 O-O 7. Nge2 e5 8. O-O Bd7 9. h3 Re8 10. Be3 Qc8 11. Kh2 a6 12. a3 Rb8 13. Qc2 b5 14. d5 Na5 15. cxb5 axb5 16. b3 Re7 17. Rac1 Qb7 18. Na2 Ne8 19. Nb4 h6 20. f4 Qa8 21.
fxe5 dxe5 22. Qd3 Nb7 23. Ra1 Nbd6 24. Nc3 f5 25. Bc5 Rf7 26. a4 bxa4 27. bxa4 Qa5 28. Bxd6 cxd6 29. Nc6 Bxc6 30. dxc6 Rc8 31. exf5 gxf5 32.
Rac1 e4 33. Qc4 Bxc3 34. Rxc3 d5 35. Qd4 Nc7 36. Rc5 Qb6 37. Qc3 Kh7 38. Rd1 Ra8 39. a5 Qa7 40. Rc1 Rb8 41. Qe5 Re8 42. Qd6 Qa6 43. Rxd5 1-0

[Event "*** SCC Grand Prix: Titled Tuesday Blitz"]
[Site "Chess.com"]
[Date "2020.08.11"]
[Round "6"]
[White "OparinGrigoriy"]
[Black "GregShahade"]
[Result "0-1"]
[WhiteElo "2925"]
[BlackElo "2727"]
[TimeControl "180+1"]
[EndTime "11:07:25 PDT"]
[Termination "GregShahade won on time"]

1. d4 Nf6 2. c4 g6 3. Nf3 Bg7 4. g3 d5 5. cxd5 Nxd5 6. Bg2 Nb6 7. O-O Nc6 8. e3 O-O 9. Nc3 Re8 10. h3 a5 11. d5 Ne5 12. Nxe5 Bxe5 13. e4 e6 14. Bh6 exd5 15. exd5 Nc4 16. Qd3 Nxb2 17. Qc2 Nc4 18. Nb5 Nb6 19. Rac1 Bf5 20. Qd2 Qd7 21. g4 Bxg4 22. Nxc7 Bxc7 23. hxg4 Qd6 24. Rxc7 Qxc7 25. d6 Qc5 26. Rc1 Qb4 27. Qxb4 axb4 28. Bxb7 Rxa2 29. Bc6 Rd8 30. d7 b3 31. Kg2 Rc2 32. Re1 Nxd7 33. Bxd7 b2 34. Ba4 Rc4 35. Bb3 Rxg4+ 36. Kh3 Rb4 37. Ba2 Rb5 38. Kg3 Ra5 39. Bb1 Rc5 40. Be3 Rcd5 41. Re2 Rb8 42. Bf4 Rb3+ 43. f3 g5 44. Bd2 h5 45. Kf2 Rc5 46. Be3 Rc1 0-1

[Event "*** SCC Grand Prix: Titled Tuesday Blitz"]
[Site "Chess.com"]
[Date "2020.08.11"]
[Round "6"]
[White "vladislavkovalev"]
[Black "AlexTriapishko"]
[Result "1-0"]
[WhiteElo "2880"]
[BlackElo "2669"]
[TimeControl "180+1"]
[EndTime "11:07:25 PDT"]
[Termination "vladislavkovalev won on time"]

1. e4 e5 2. Nf3 Nc6 3. Bb5 a6 4. Ba4 d6 5. O-O Bd7 6. d4 b5 7.
Bb3 Nxd4 8. Nxd4 exd4 9. c3 dxc3 10. Qh5 g6 11. Qd5 Be6 12. Qc6+ Bd7 13. Qxc3 f6 14. f4 c6 15. a4 Bg7 16. Rd1 Bg4 17. Qxc6+ Ke7 18. Qb7+ Bd7 19. Nc3 Qb8 20. Nd5+ Kd8 21.
Qb6+ Qxb6+ 22. Nxb6 Ra7 23. Rxd6 Bf8 24. Rxd7+ Rxd7 25. Nxd7 Kxd7 26. axb5 axb5 27. Be3 Ne7 28. Ra7+ Kd6 29.
Ra6+ Kd7 30. Rxf6 Bg7 31. Rf7 Bxb2 32. Bc5 Re8 33. Rxh7 Bc1 34. g3 Bd2 35. Kf2 Ba5 36.
e5 Bd8 37. Kf3 Kc6 38. Bf2 Nd5 39. Rg7 Re6 40. Bxd5+ Kxd5 41. Rd7+ 1-0

[Event "*** SCC Grand Prix: Titled Tuesday Blitz"]
[Site "Chess.com"]
[Date "2020.08.11"]
[Round "6"]
[White "aa175"]
[Black "Carnivoras"]
[Result "0-1"]
[WhiteElo "2479"]
[BlackElo "2655"]
[TimeControl "180+1"]
[EndTime "11:07:25 PDT"]
[Termination "Carnivoras won on time"]

1. d4 d5 2. Bf4 Nf6 3. e3 Bf5 4.
Nf3 e6 5. Ne5 Bd6 6. Nd2 O-O 7.
Bd3 Ne4 8. Bxe4 Bxe4 9. Nxe4 dxe4 10. h4 f6 11. Nc4 Bxf4 12. exf4 Nc6 13. c3 Qd5 14.
Ne3 Qd6 15. Qb3 Rab8 16. f5 Nd8 17. fxe6 Qxe6 18. h5 Qxb3 19. axb3 a6 20. h6 g6 21. Nd5 Ne6 22. g3 Rbd8 23. Ne3 f5 24. O-O-O f4 25. gxf4 Nxf4 26. Ng4 Nd3+ 27. Rxd3 exd3 28. Kd2 Rf4 29. Rg1 c5 30. dxc5 Kf8 31. b4 Rd5 32. b3 Rg5 33. f3 Rxf3 34. Rg2 Rf4 35. Ne3 Rxg2+ 36. Nxg2 Rf2+ 37. Kxd3 Rxg2 38. Kd4 Rh2 39. c4 Rxh6 40. b5 g5 41. c6 axb5 42. cxb5 bxc6 43. b6 Rd6+ 44. Kc5 Rd3 45. b4 g4 46. b7 Rd8 47.
Kb6 g3 48. Kxc6 g2 49. Kc7 Re8 50. b5 g1=Q 0-1

[Event "*** SCC Grand Prix: Titled Tuesday Blitz"]
[Site "Chess.com"]
[Date "2020.08.11"]
[Round "6"]
[White "Casablanca"]
[Black "mfwagnerpeixoto"]
[Result "1-0"]
[WhiteElo "2456"]
[BlackElo "2282"]
[TimeControl "180+1"]
[EndTime "11:07:25 PDT"]
[Termination "Casablanca won on time"]

1. d4 Nf6 2. Bg5 Ne4 3. Bf4 d5 4. e3 c6 5. Bd3 g6 6. c3 Bg7 7. Nd2 Nxd2 8. Qxd2 O-O 9. Nf3 Bg4 10. Ne5 Be6 11. O-O f6 12. Nf3 Bf7 13. e4 e6 14. e5 Nd7 15. Rae1 c5 16. exf6 Bxf6 17. Ne5 cxd4 18. cxd4 Be8 19. Re3 Bg5 20. Bxg5 Qxg5 21.
Qe2 Nxe5 22. Rxe5 Qf6 23. Qe3 Bd7 24. Be2 Qf4 25. Rd1 Rac8 26. Bd3 Qf6 27. g3 Rc7 28. Bf1 Rc2 29. Rd2 Rc1 30. Kg2 Ra1 31. a3 a6 32.
Be2 Re1 33. Qf3 Qe7 34. Qc3 Qf6 35. Qe3 Qe7 36. Rd1 Rxd1 37. Bxd1 Qd6 38. Bg4 Re8 39. h4 Kg7 40. h5 Rf8 41. h6+ Kg8 42. Bxe6+ Bxe6 43.
Rxe6 Qd7 44. Qe5 Qf7 45. f4 Qd7 46. Re7 1-0

[Event "*** SCC Grand Prix: Titled Tuesday Blitz"]
[Site "Chess.com"]
[Date "2020.08.11"]
[Round "6"]
[White "Evachess2006"]
[Black "chesslh19"]
[Result "0-1"]
[WhiteElo "1634"]
[BlackElo "2179"]
[TimeControl "180+1"]
[EndTime "11:07:26 PDT"]
[Termination "chesslh19 won by resignation"]

1. e4 c5 2. c3 Nf6 3. e5 Nd5 4.
d4 cxd4 5. Nf3 d6 6. cxd4 Nc6 7. exd6 exd6 8. Be2 Be7 9. O-O O-O 10. Nc3 Nxc3 11. bxc3 d5 12. Qc2 Bf6 13. Bd3 g6 14. Bh6 Re8 15.
Rfe1 Bg4 16. Rxe8+ Qxe8 17. Re1 Qb8 18. Ne5 Nxe5 19.
dxe5 Bxe5 20. h3 Be6 21. Qd2 Qd6 22. f4 Bg7 23. f5 Bd7 24. fxg6 hxg6 25. c4 dxc4 26.
Bxc4 Qxd2 27. Bxd2 Re8 28. Rf1 Be6 29. Bxe6 Rxe6 30. Rb1 Rb6 31. Rxb6 axb6 32. Be3 b5 33. Bc5 f5 34. a3 Kf7 35. Bb6 Ke6 36. Bc5 Kd5 37.
Bb4 Kc4 38. Kf2 Kb3 39. Ke2 Bb2 40. Bd6 Bxa3 41. Bxa3 Kxa3 42. g4 fxg4 43. hxg4 b4 44. Kd2 b3 45. Kc1 Ka2 0-1

[Event "*** SCC Grand Prix: Titled Tuesday Blitz"]
[Site "Chess.com"]
[Date "2020.08.11"]
[Round "6"]
[White "Nafania1"]
[Black "ManuDavid2910"]
[Result "0-1"]
[WhiteElo "2469"]
[BlackElo "2642"]
[TimeControl "180+1"]
[EndTime "11:07:27 PDT"]
[Termination "ManuDavid2910 won by resignation"]

1. e4 c5 2. Nf3 Nc6 3. Bb5 e6 4. Nc3 Nge7 5. O-O g6 6. d4 cxd4 7. Nxd4 Bg7 8. Be3 O-O 9. Be2 d5 10. exd5 exd5 11. Bf3 Ne5 12. Re1 Nc4 13. Bg5 f6 14.
Bc1 Nb6 15. Bf4 h6 16. h3 f5 17. Be5 Bxe5 18. Rxe5 Qd6 19. Qe2 Nc6 20. Nxc6 bxc6 21. b3 Bd7 22. Re1 a5 23. a4 Qb4 24. Qd2 Rf7 25.
Nb1 Qh4 26. Qc3 Qf6 27. Qc5 Nc8 28. Nd2 Nd6 29. Bxd5 cxd5 30. Rxd5 Ne8 31. Nc4 Be6 32. Qc6 Bxd5 33. Qxd5 Rd8 34. Qxa5 Nd6 35. Rd1 Rfd7 36.
Nb6 Rb7 37. Nc4 Nf7 38. Rxd8+ Qxd8 39. Qc5 Rd7 40. g3 Rd1+ 41. Kh2 Qd5 42. Qc8+ Kg7 43. g4 f4 44. f3 Qxf3 0-1

[Event "*** SCC Grand Prix: Titled Tuesday Blitz"]
[Site "Chess.com"]
[Date "2020.08.11"]
[Round "6"]
[White "GameOverBro"]
[Black "kobemagic"]
[Result "0-1"]
[WhiteElo "2432"]
[BlackElo "2287"]
[TimeControl "180+1"]
[EndTime "11:07:27 PDT"]
[Termination "kobemagic won by resignation"]

1. e4 Nf6 2. Nc3 d5 3. exd5 Nxd5 4. Bc4 Nb6 5. Bb3 Bf5 6. Nf3 e6 7. d4 Be7 8. Bf4 O-O 9. Qe2 c5 10. dxc5 Bxc5 11. Rd1 Qc8 12. Nh4 Bg6 13. O-O Nc6 14.
Nxg6 hxg6 15. Ne4 Nd4 16. Qg4 Nxb3 17. cxb3 Be7 18. Rd3 f5 19. Qxg6 fxe4 20. Qxe4 Qc6 21. Qxc6 bxc6 22. Bg3 Nd5 23. Re1 Kf7 24. a3 Bf6 25.
Re2 Rfd8 26. Kf1 Rd7 27. Rc2 Rc8 28. b4 Bg5 29. Ke1 a6 30. h4 Bf6 31. Rf3 Ke7 32. Rd3 Nb6 33. Rxd7+ Kxd7 34. h5 Nd5 35. f3 Rh8 36.
Kf2 Rxh5 37. b3 Bd4+ 38. Ke2 Be5 39. Bxe5 Rxe5+ 40. Kd3 Nf4+ 41. Kd4 Re2 42. Rc5 Kd6 43. Ra5 e5+ 44. Kc3 Rxg2 45. Rxa6 Nd5+ 46. Kc4 Rc2+ 47. Kd3 Rc3+ 48. Kd2 Rxb3 49. Ra7 g5 50. Rg7 Rxa3 51. Rg6+ Kc7 52. Rxg5 Rxf3 53. Rxe5 Kb6 54. Kc2 Kb5 55. Kb2 Rf4 56. Re4 Rxe4 0-1

[Event "*** SCC Grand Prix: Titled Tuesday Blitz"]
[Site "Chess.com"]
[Date "2020.08.11"]
[Round "6"]
[White "DinaBelenkaya"]
[Black "anskam"]
[Result "1-0"]
[WhiteElo "2347"]
[BlackElo "1537"]
[TimeControl "180+1"]
[EndTime "11:07:27 PDT"]
[Termination "DinaBelenkaya won on time"]

1. e4 c5 2. Nc3 d6 3. g3 Nf6 4. Bg2 e5 5. Nge2 Be7 6. O-O Nc6 7. Nd5 O-O 8. Nec3 Be6 9. d3 a6 10. a4 Rb8 11. Bg5 Nxd5 12. exd5 Bxg5 13. dxc6 bxc6 14. Bxc6 Rxb2 15. a5 Qc7 16. Bd5 Rb4 17. Qh5 Be7 18. Qf3 Bg5 19. h4 Be7 20. Kg2 Qd7 21. Rfb1 Bh3+ 22.
Kh2 Bg4 23. Qe3 Be6 24. Bg2 Qd8 25. Rxb4 cxb4 26. Nd5 f5 27. Nxe7+ Qxe7 28. Qb6 f4 29. Qxb4 fxg3+ 30. fxg3 Qd7 31. Rb1 h6 32. Qb6 Qf7 33.
Qxd6 Qf5 34. Rb6 Rf6 35. Rxa6 Qf2 36. Ra8+ Kh7 37. Qxe5 1-0

[Event "*** SCC Grand Prix: Titled Tuesday Blitz"]
[Site "Chess.com"]
[Date "2020.08.11"]
[Round "6"]
[White "ferch1ni"]
[Black "sorito"]
[Result "0-1"]
[WhiteElo "2271"]
[BlackElo "2456"]
[TimeControl "180+1"]
[EndTime "11:07:28 PDT"]
[Termination "sorito won by checkmate"]

1. e4 c6 2. Nf3 d6 3. d3 Nd7 4. Nbd2 e5 5. g3 Be7 6. Bg2 Ngf6 7. O-O O-O 8. h4 Re8 9. Re1 Bf8 10. Nf1 d5 11. N1h2 dxe4 12. dxe4 Qc7 13. Bg5 h6 14. Be3 Nc5 15. Nd2 b5 16. a4 Nxa4 17. c4 Nxb2 18. Qc2 Nxc4 19. Nxc4 bxc4 20. Qxc4 Be6 21. Qc3 a5 22.
Rec1 Rec8 23. Ra4 Bb4 24. Qc2 c5 25. Bf1 c4 26. Bd2 c3 27. Be3 Qc6 28. Nf3 Ng4 29.
Raa1 Nxe3 30. fxe3 f6 31. Kf2 Rd8 32. g4 Bxg4 33. Be2 Qe6 34. Rg1 h5 35. Qa4 Kh8 36.
Qb5 Rab8 37. Qa4 Rbc8 38. Rg3 c2 39. Rc1 Qc6 40. Qa2 Qxe4 41. Qf7 Qd5 42. Qg6 Qb3 43.
Rxg4 hxg4 44. Qxg4 Bc5 45. Bc4 Bxe3+ 46. Kg2 Rxc4 47.
Qh5+ Kg8 48. Rf1 c1=Q 49. Rxc1 Rxc1 50. Qf5 Rc2+ 51. Kg3 Bf4+ 52. Kg4 Rg2+ 53. Kh5 Qf7+ 54. Qg6 Qxg6# 0-1

[Event "*** SCC Grand Prix: Titled Tuesday Blitz"]
[Site "Chess.com"]
[Date "2020.08.11"]
[Round "6"]
[White "FMalexhdez"]
[Black "WPWPWP-2015"]
[Result "0-1"]
[WhiteElo "2195"]
[BlackElo "2393"]
[TimeControl "180+1"]
[EndTime "11:07:28 PDT"]
[Termination "WPWPWP-2015 won on time"]

1. e4 c5 2. Nf3 e6 3. d4 cxd4 4. Nxd4 Nc6 5. Nc3 Qc7 6. Nb3 a6 7. g3 Bb4 8. Bg2 Nge7 9. O-O O-O 10. Bf4 e5 11. Bd2 d6 12. a3 Bxc3 13. Bxc3 Be6 14.
Qd2 Rad8 15. Rfd1 d5 16. Nc5 Bg4 17. exd5 Bxd1 18. Rxd1 Nd4 19. Bxd4 exd4 20. Qxd4 Nf5 21. Qc3 Nd6 22. a4 Rc8 23. Ne4 Qe7 24. Qd3 f5 25.
Nxd6 Qxd6 26. c4 Rce8 27. Qd4 b6 28. a5 bxa5 29. c5 Qe7 30. d6 Qe2 31. d7 Rd8 32. c6 f4 33. c7 fxg3 34. cxd8=Q gxf2+ 35. Kh1 Qe1+ 36. Bf1 Rxd8 37. Qd5+ Kh8 38. Kg2 h6 39. Bc4 a4 40. Qg8+ Rxg8 41. Bxg8 Qxd1 42. d8=Q Qxd8 43. Be6 Qg5+ 0-1

[Event "*** SCC Grand Prix: Titled Tuesday Blitz"]
[Site "Chess.com"]
[Date "2020.08.11"]
[Round "6"]
[White "Alberquintin"]
[Black "Nara_Kh"]
[Result "1-0"]
[WhiteElo "2535"]
[BlackElo "2312"]
[TimeControl "180+1"]
[EndTime "11:07:29 PDT"]
[Termination "Alberquintin won by resignation"]

1. e4 c5 2. Nf3 d6 3. d4 Nf6 4. Nc3 cxd4 5. Nxd4 a6 6. Be2 e5 7. Nb3 Be7 8. O-O O-O 9. Kh1 Nc6 10. a4 Be6 11. Be3 Rc8 12. f4 exf4 13. Bxf4 Ne5 14.
Nd4 Qd7 15. Qe1 Ng6 16. Be3 d5 17. Nxe6 Qxe6 18. Bg5 dxe4 19. Qg3 Rfe8 20. Bxf6 Bxf6 21. Bg4 Rxc3 22. bxc3 Qc4 23. Bf5 e3 24. Bd3 Qxc3 25. Rae1 Qd2 26. Re2 Qa5 27. Rxe3 Rxe3 28. Qxe3 Ne5 29.
Qg3 h6 30. Rxf6 Nxd3 31. cxd3 Qc3 32. Rf1 Qd4 33. Qf2 Qd7 34. d4 g6 35. a5 Qd5 36.
Qf6 Qd7 37. Qe5 Kh7 38. d5 Kg8 39. d6 h5 40. Qe7 Qc8 41. Qxf7+ Kh8 42. d7 1-0

[Event "*** SCC Grand Prix: Titled Tuesday Blitz"]
[Site "Chess.com"]
[Date "2020.08.11"]
[Round "6"]
[White "TranJMinh"]
[Black "youngKID"]
[Result "0-1"]
[WhiteElo "2843"]
[BlackElo "2770"]
[TimeControl "180+1"]
[EndTime "11:07:30 PDT"]
[Termination "youngKID won on time"]

1. d4 Nf6 2. c4 g6 3. Nc3 Bg7 4. e4 d6 5. Be2 O-O 6. Be3 a6 7. Nf3 c6 8. O-O b5 9. Nd2 h5 10. f3 bxc4 11. Nxc4 d5 12. Ne5 a5 13. Rc1 Ba6 14.
Bxa6 Rxa6 15. Qd3 a4 16. Rfd1 Qb6 17. Rc2 Rd8 18. h3 Qb7 19. Qe2 Ra8 20. Nd3 dxe4 21. fxe4 Na6 22. e5 Nd5 23. Ne4 Nab4 24. Nxb4 Nxb4 25.
Rcd2 Qb5 26. Qf3 Nxa2 27. Bg5 Rd7 28. Rf2 Qd5 29. e6 fxe6 30. Qf7+ Kh7 31. Bf6 exf6 32. Nxf6+ Kh6 33. Nxd7 Ra7 34. Qf4+ g5 35. Qe3 Rxd7 36. Rfd2 Nb4 37. Qa3 c5 38. dxc5 Qxc5+ 39. Kh1 Rxd2 40. Rxd2 Qc1+ 41. Kh2 Be5+ 0-1

[Event "*** SCC Grand Prix: Titled Tuesday Blitz"]
[Site "Chess.com"]
[Date "2020.08.11"]
[Round "6"]
[White "boasovietica"]
[Black "paulrusan"]
[Result "1-0"]
[WhiteElo "2402"]
[BlackElo "2210"]
[TimeControl "180+1"]
[EndTime "11:07:30 PDT"]
[Termination "boasovietica won by checkmate"]

1. e4 g6 2. d4 Bg7 3. Ne2 d6 4. Be3 Nf6 5. f3 O-O 6. c4 c5 7. Nbc3 Nc6 8. d5 Ne5 9. Ng3 e6 10. Be2 exd5 11. cxd5 a6 12. a4 Re8 13. O-O h5 14. h3 h4 15. Nh1 Nh7 16. f4 Nd7 17. Bd3 f5 18. Nf2 Nhf6 19. Qd2 c4 20. Bc2 Nf8 21.
exf5 gxf5 22. Bd4 Bd7 23. Rae1 Qa5 24. Nfd1 b5 25. axb5 axb5 26. Ne3 Ne4 27. Bxe4 fxe4 28. Bxg7 Kxg7 29. Qd4+ Kh7 30. Nxe4 Rxe4 31. Qxe4+ Kg7 32. Qe7+ Kg8 33. Ng4 Qa7+ 34. Kh2 Bxg4 35. Qxa7 Rxa7 36. hxg4 Ra2 37. f5 Nh7 38. f6 Ng5 39. f7+ Nxf7 40. Re8+ Kg7 41. Re7 Rxb2 42. Rexf7+ Kg6 43. R7f6+ Kg7 44. Rxd6 c3 45. Rc6 b4 46. Re1 c2 47. Re7+ Kf8 48.
Rb7 b3 49. Rc8# 1-0

[Event "*** SCC Grand Prix: Titled Tuesday Blitz"]
[Site "Chess.com"]
[Date "2020.08.11"]
[Round "6"]
[White "pavelalexandru07"]
[Black "Novoselski"]
[Result "1-0"]
[WhiteElo "2224"]
[BlackElo "2383"]
[TimeControl "180+1"]
[EndTime "11:07:30 PDT"]
[Termination "pavelalexandru07 won by resignation"]

1. e4 e5 2. Nf3 Nc6 3. Bb5 a6 4. Ba4 d6 5. c3 Bd7 6. d4 Nge7 7.
O-O Ng6 8. Nbd2 Be7 9. Re1 O-O 10. Nf1 Nh4 11. Nxh4 Bxh4 12. Ng3 Bg5 13. Be3 h6 14. Qd2 Re8 15. Rf1 Bxe3 16. fxe3 Qg5 17. Qf2 Rf8 18. Bb3 Be8 19. Nf5 Ne7 20. h4 Qf6 21. Qg3 Nxf5 22.
Rxf5 Qe7 23. Raf1 exd4 24. exd4 Qxe4 25. Bd5 Qe7 26. Bxb7 Rb8 27. Bxa6 Rxb2 28. Bc4 c6 29. Re1 Qd7 30. Rf6 d5 31. Bd3 Kh8 32. Qf4 Qd8 33. Rxh6+ Kg8 34. Bh7+ Kh8 35. Bd3+ Kg8 36. Qf5 g6 37.
Qe5 f6 38. Qe6+ Bf7 39. Rxg6+ Kh8 40. Rh6+ Kg8 41. Qe3 Qd6 42. Qf3 Kg7 43. Rh7+ Kg8 44. Qg4+ 1-0